 Dungeon Sprint DCSS version 0.30.1-11-g7821555f0a (webtiles) character file.

Game seed: 5700943673699852135

2069 Groucho the Unseen (level 9, -15/47 HPs)
             Began as a Spriggan Enchanter on Dec 14, 2023.
             Was a Priest of Dithmenos.
             Shot with a bolt by a yaktaur (32 damage)
             ... in the Dungeon (Sprint II: "The Violet Keep of Menkaure").
             The game lasted 00:09:00 (439 turns).

Groucho the Unseen (Spriggan Enchanter)              Turns: 439, Time: 00:09:01

Health: -15/47     AC:  2    Str:  4    XL:     9   Next: 5%
Magic:  20/24      EV: 19    Int: 20    God:    Dithmenos [***...]
Gold:   445        SH:  0    Dex: 16    Spells: 21/29 levels left

rFire   + . .        a - +1 dagger
rCold   . . .        (no shield)
rNeg    . . .        b - +0 robe
rPois   .            (helmet restricted)
rElec   .            (no cloak)
rCorr   .            (gloves unavailable)
SInv    +            (boots unavailable)
Will    +....        (no amulet)
Stlth   ++++++++     j - ring of protection from fire
HPRegen 0.27/turn    f - ring of flight
MPRegen 0.19/turn

%: no teleportation
@: flying, wreathed by umbra, very quick
A: very small, no large weapons, unfitting armour, see invisible, speed 3
a: Renounce Religion, Shadow Step


You were in the Dungeon.
You worshipped Dithmenos.
Dithmenos was most pleased with you.
You visited 1 branch You collected 972 gold pieces.
You spent 527 gold pieces at shops.

Inventory:

Hand Weapons
 a - a +1 dagger (weapon)
Armour
 b - a +0 robe (worn)
Jewellery
 f - a ring of flight (right hand)
 j - a ring of protection from fire (left hand)
Scrolls
 i - a scroll of blinking
 k - a scroll of identify {unknown}
Potions
 c - a potion of invisibility
 g - a potion of magic
 h - a potion of berserk rage
Miscellaneous
 l - a lightning rod (4/4)


   Skills:
 - Level 5.0 Fighting
 - Level 10.0 Short Blades
 - Level 5.0 Dodging
 - Level 15.0 Stealth
 + Level 10.7 Spellcasting
 - Level 14.0 Hexes


You had 21 spell levels left.
You knew the following spells:

 Your Spells              Type           Power      Damage    Failure   Level
a - Ensorcelled Hibernat  Hex/Ice        76%        N/A       1%          2
b - Confusing Touch       Hex            61%        N/A       1%          3
c - Dazzling Flash        Conj/Hex       76%        N/A       1%          3

Your spell library contained the following spells:

 Spells                   Type           Power      Damage    Failure   Level
 Tukima's Dance           Hex            61%        N/A       1%          3


Dungeon Overview and Level Annotations

Branches:
Dungeon (1/1)

Altars:
Cheibriados
Dithmenos
Elyvilon
Fedhas
Gozag
Hepliaklqana
Kikubaaqudgha
Makhleb
Nemelex Xobeh
Okawaru
Qazlal
Ru
Sif Muna
Trog
Uskayaw
Vehumet
Wu Jian
Xom
Yredelemnul
Zin
The Shining One
Jiyva
Lugonu

Shops:
D *:?(!=![!:=[?([

Annotations:
D exclusions: obsidian statue, oklob plant and 4 more exclusions


Innate Abilities, Weirdness & Mutations

You are very small and have problems with some larger weapons.
You are too small for most types of armour.
You have supernaturally acute eyesight. (SInv)
You cover ground extremely quickly. (Speed+++)


Message History

The polar bear is lightly wounded.
You hear a shout!
The polar bear bites something but does no damage.
The polar bear barely misses something. x2
The polar bear barely misses itself. x2; The polar bear claws itself.
You hit the polar bear but do no damage.
The polar bear is lightly wounded.
You hit the polar bear but do no damage.
The polar bear is lightly wounded.
You catch the helpless polar bear completely off-guard!
You skewer the polar bear like a kebab!!!
The polar bear is almost dead.
You hit the polar bear.
The polar bear is almost dead.
The polar bear completely misses you.
The polar bear claws you but does no damage.
The polar bear closely misses you.
You hit the polar bear but do no damage.
The polar bear is almost dead.
You hit the polar bear.
You kill the polar bear!
Dithmenos accepts your kill.
Your Spellcasting skill increases to level 10!
You have reached level 9!
Your experience leads to an increase in your attributes!
Increase (S)trength, (I)ntelligence, or (D)exterity?
You feel clever. x2
Casting: Ensorcelled Hibernation (safe; 1% risk of failure)
Confirm with . or Enter, or press ? or * to list all spells.
Aiming: Ensorcelled Hibernation (safe; 1% risk of failure)
Press: ? - help, Shift-Dir - straight line, f/p - yaktaur
Aim: a yaktaur, wielding a +0 arbalest (lightly wounded, umbra, chance to affect: 48%)
The yaktaur resists with some effort.
The yaktaur shoots a bolt.
The bolt hits you!!
Ouch! That really hurt!
* * * LOW HITPOINT WARNING * * *
You emit a cloud of dark smoke.
You feel better.
The yaktaur shoots a bolt.
The bolt hits you!!
Ouch! That really hurt!
You die...

.. +# .. #. k .###.####
+.##. ##.# ...# ^..####
#.####..## #..##$# $[$
'###.##..# +..#..#▓$(!?!
.##...#..# #..#.c#▓$!(!$(
<.'##.+..####.^##§#▓?!($!)
.##.†.#....###.§@##▓▓▓▓▓▓▓
'###.##..§..§§~~§§~~~~~~~~
..####~~.§...§#+########+##
#..#~~~§~§~§§~#..._._._#~~~
..##~§~§~~~~.~#_._._._.#~~≈
'##~~§§≈§§~~§~#._._._._#~~~
~~~~~~§≈§§≈~~~#_._._._.#S~~
#+++#§§≈≈§≈§≈§#._._._..#S~~
≈≈≈≈##§≈≈###≈§#_._._...#§§~


You could see a yaktaur.

Vanquished Creatures
  A merfolk siren (D)
  3 polar bears (D)
  A hornet (D)
  4 neqoxecs (D)
  Menkaure (D)
  A water moccasin (D)
  4 necrophages (D)
  A hell rat (D)
  3 worms (D)
19 creatures vanquished.

Notes
Turn   | Place    | Note
-------+----------+-------------------------------------------
     0 | D        | Groucho the Spriggan Enchanter began the quest for the Orb.
     0 | D        | Reached XP level 1. HP: 9/9 MP: 5/5
     9 | D        | Reached skill level 1 in Fighting
     9 | D        | Reached skill level 5 in Stealth
    14 | D        | Reached XP level 2. HP: 14/14 MP: 7/7
    17 | D        | Noticed a necrophage
    17 | D        | Noticed a necrophage
    17 | D        | Noticed a necrophage
    17 | D        | Noticed a necrophage
    20 | D        | Killed a necrophage
    21 | D        | Reached skill level 5 in Dodging
    21 | D        | Reached skill level 6 in Stealth
    21 | D        | Reached skill level 5 in Hexes
    21 | D        | Reached XP level 3. HP: 19/19 MP: 8/10
    21 | D        | Reached XP level 4. HP: 23/23 MP: 8/11
    21 | D        | Killed a necrophage
    22 | D        | Reached skill level 5 in Short Blades
    22 | D        | Reached skill level 8 in Stealth
    22 | D        | Reached skill level 5 in Spellcasting
    24 | D        | Killed a necrophage
    25 | D        | Reached skill level 5 in Fighting
    25 | D        | Reached skill level 10 in Stealth
    25 | D        | Reached XP level 5. HP: 30/30 MP: 8/13
    26 | D        | Reached skill level 12 in Stealth
    36 | D        | Noticed a merfolk siren
    39 | D        | Killed a merfolk siren
    40 | D        | Reached skill level 15 in Stealth
    40 | D        | Reached skill level 10 in Hexes
    40 | D        | Reached XP level 6. HP: 35/35 MP: 9/14
    40 | D        | Reached XP level 7. HP: 39/39 MP: 9/15
    64 | D        | Learned a level 2 spell: Ensorcelled Hibernation
    68 | D        | Learned a level 3 spell: Confusing Touch
    70 | D        | Found a glowing golden altar of the Shining One.
    70 | D        | Found an ornate altar of the Wu Jian Council.
    71 | D        | Found a shimmering altar of Xom.
    71 | D        | Found a sacrificial altar of Ru.
    72 | D        | Found a basalt altar of Yredelemnul.
    72 | D        | Found a shimmering blue altar of Sif Muna.
    73 | D        | Found a glowing silver altar of Zin.
    73 | D        | Found a bloodstained altar of Trog.
    73 | D        | Found an ancient bone altar of Kikubaaqudgha.
    73 | D        | Found a stormy altar of Qazlal.
    73 | D        | Found a viscous altar of Jiyva.
    74 | D        | Found a hide-covered altar of Uskayaw.
    74 | D        | Found a corrupted altar of Lugonu.
    74 | D        | Found a shadowy altar of Dithmenos.
    78 | D        | Found a radiant altar of Vehumet.
    78 | D        | Found a burning altar of Makhleb.
    78 | D        | Found a white marble altar of Elyvilon.
    79 | D        | Found a sparkling altar of Nemelex Xobeh.
    79 | D        | Found a blossoming altar of Fedhas.
    81 | D        | Found an iron altar of Okawaru.
    81 | D        | Found an opulent altar of Gozag.
    81 | D        | Found a hazy altar of Hepliaklqana.
    81 | D        | Found a snail-covered altar of Cheibriados.
    89 | D        | Became a worshipper of Dithmenos the Shadowed
   114 | D        | Noticed a neqoxec
   114 | D        | Noticed a neqoxec
   114 | D        | Noticed a neqoxec
   114 | D        | Noticed a neqoxec
   117 | D        | Killed a neqoxec
   121 | D        | Killed a neqoxec
   121 | D        | Reached * piety under Dithmenos
   123 | D        | Killed a neqoxec
   126 | D        | Killed a neqoxec
   127 | D        | Reached XP level 8. HP: 31/43 MP: 1/16
   141 | D        | Found Usocrote's Antique Armour Shop.
   141 | D        | Found Qaaq Efogiwk's Jewellery Shop.
   141 | D        | Found Jesistun's Book Boutique.
   141 | D        | Found Geklet's Antique Weapon Boutique.
   141 | D        | Found Siughomarph's Distillery.
   141 | D        | Found Vaum's Armour Shop.
   141 | D        | Found Luwk's Antique Armour Boutique.
   146 | D        | Learned a level 3 spell: Dazzling Flash
   146 | D        | Found Naluivah's Magic Scroll Shop.
   146 | D        | Found Dyde's Distillery.
   146 | D        | Found Dejiddimm's Jewellery Boutique.
   146 | D        | Found Ximneb's Distillery.
   146 | D        | Noticed Menkaure
   164 | D        | Killed Menkaure
   164 | D        | Reached ** piety under Dithmenos
   166 | D        | Found Wud Puw's Antique Weapon Boutique.
   166 | D        | Found Xalu's Magic Scroll Shop.
   166 | D        | Noticed an oklob plant
   167 | D        | Found Retuicam's Book Shoppe.
   167 | D        | Found Junagept's General Store.
   169 | D        | Noticed an iron elemental
   272 | D        | Noticed a fire dragon
   273 | D        | Noticed a flying skull
   273 | D        | Noticed a flying skull
   314 | D        | Bought a ring of flight for 227 gold pieces
   319 | D        | Bought a ring of protection from fire for 300 gold pieces
   348 | D        | Noticed an ice statue
   368 | D        | Noticed an obsidian statue
   385 | D        | Noticed a polar bear
   396 | D        | Noticed a yaktaur
   396 | D        | Noticed a hornet
   397 | D        | Noticed a polar bear
   397 | D        | Noticed a polar bear
   405 | D        | Killed a polar bear
   406 | D        | Reached skill level 10 in Short Blades
   412 | D        | Killed a polar bear
   416 | D        | Killed a hornet
   416 | D        | Reached *** piety under Dithmenos
   437 | D        | Killed a polar bear
   438 | D        | Reached skill level 10 in Spellcasting
   438 | D        | Reached XP level 9. HP: 37/47 MP: 22/24
   439 | D        | Shot with a bolt by a yaktaur

Illustrated notes

Levels and vault maps discovered:
D:        the_violet_keep_of_menkaure [sprint2_stairs_cluster_1,
          sprint2_shoproom, sprint2_temple, sprint2_basic_supplies,
          sprint2_obstacle_2, sprint2_obstacle_3, sprint2_obstacle_6,
          sprint2_obstacle_1, sprint2_obstacle_7, sprint2_timed_cluster_1,
          sprint2_smallroom_cluster_1, sprint2_smallroom_final_cluster_1,
          sprint2_transparent_cluster_1, sprint2_second_timed_cluster_1,
          sprint2_sniper_area_1, sprint2_heavy_combat_area_1,
          sprint2_mutation_trap_area_1, sprint2_forest_area_1,
          sprint2_light_combat_area_1, sprint2_behind_water_1,
          sprint2_near_end_vault_1]

Skill      XL: |  1  2  3  4  5  6  7  8 |
---------------+-------------------------+-----
Dodging        | 3 5 |  5.0
Spellcasting   | 3 4 5 10 | 10.7
Fighting       | 1 2 5 |  5.0
Stealth        | 5 6 10 15 | 15.0
Hexes          | 4 5 10 14 | 14.0
Short Blades   | 2 3 5 6 10 | 10.0

Action                     |  1- 3 |  4- 6 |  7- 9 || total
---------------------------+-------+-------+-------++-------
  Melee: Dagger            |     7 |     4 |    37 ||    48
         Punch             |       |       |     1 ||     1
   Cast: Ensorcelled Hiber |       |       |    13 ||    13
         Confusing Touch   |       |       |     4 ||     4
    Use: Potion            |     2 |       |     3 ||     5
   Stab: Sleeping          |     3 |     4 |     7 ||    14
         Invisible         |     2 |       |       ||     2
         Confused          |       |       |     5 ||     5
 Armour: Robe              |       |       |     1 ||     1
  Dodge: Dodged            |     1 |       |    30 ||    31
